AoeStats
← TheHuisman

Arabia

510220089Analyzed
1v1 RM · 2d ago on Sep 30, 2026· 46m 40s· 2 players
Game mode
Random Map
Map size
Tiny (2 player)
Population
200
Speed
Normal
Resources
Standard
Victory
Conquest
Starting age
Dark Age
Ending age
Imperial Age
RankedLock teamsTeams togetherTeam positionsShared explorationLock speedFull tech treeHidden civsTurbo modeCheats
Victory
Defeat
🇺🇸 Lithuanians · United States
1168
+14
🇦🇷 Japanese · Argentina
1131
-14
TheHuisman
6:49 Loom
8:55 Feudal Age
9:38 Man-at-Arms
10:21 Arson
10:34 Town Watch
12:10 Scale Mail Armor
22:27 Castle Age
21:05 Double-Bit Axe
30:46 Padded Archer Armor
33:21 Elite Skirmisher
35:16 Fletching
37:45 Leather Archer Armor
37:46 Forging
38:00 Chain Mail Armor
37:56 Bodkin Arrow
41:32 Iron Casting
43:06 Wheelbarrow
43:30 Pikeman
44:11 Squires
45:11 Gambesons
44:48 Long Swordsman
tromto
5:54 Loom
9:03 Feudal Age
9:36 Man-at-Arms
10:45 Double-Bit Axe
14:24 Fletching
24:36 Wheelbarrow
26:47 Castle Age
26:03 Bloodlines
25:35 Horse Collar
26:48 Gold Mining
27:21 Crossbowman
28:11 Town Watch
33:03 Town Watch
33:47 Padded Archer Armor
35:29 Bodkin Arrow
37:32 Husbandry
38:33 Scale Barding Armor
40:17 Forging
46:57 Devotion
Connection lost

Rejoining the realm…

Still unreachable

The connection could not be restored.

Session expired

The server has moved on; the page needs a fresh start.